 Dungeon Crawl Stone Soup version 0.24-a0-536-gdd4cf15266 (webtiles) character file.

Game seed: 15434150459312720388

164 MirrMurr the Scratcher (level 5, -2/22 HPs)
             Began as a Felid Transmuter on Aug 11, 2019.
             Was an Initiate of Okawaru.
             Slain by a scorpion (5 damage)
             ... on level 4 of the Dungeon.
             The game lasted 00:11:47 (4754 turns).

MirrMurr the Scratcher (Felid Transmuter)           Turns: 4754, Time: 00:11:48

Health: -2/22      AC:  1    Str:  6    XL:     5   Next: 21%
Magic:  5/9        EV: 19    Int: 16    God:    Okawaru [......]
Gold:   280        SH:  0    Dex: 16    Spells: 2/8 levels left
                                        Lives:  0   Deaths: 1

rFire    . . .     SeeInvis +     - Unarmed
rCold    . . .     Gourm    .   (shield unavailable)
rNeg     . . .     Faith    .   (armour unavailable)
rPois    .         Spirit   .   (helmet unavailable)
rElec    .         Reflect  .   (cloak unavailable)
rCorr    .         Harm     .   (gloves unavailable)
MR       .....                  (boots unavailable)
Stlth    +++.......             j - amulet of rage
HPRegen  0.07/turn              (no ring)
MPRegen  0.11/turn              (no ring)

@: appendage, quick
A: very small, no armour, no weapons or thrown items, stealth, claws 1, fangs 3,
horns 2, see invisible, carnivore, speed 1, shaggy fur 1, slow metabolism 1,
sharp paws
a: End Transformation, Renounce Religion, Evoke Berserk Rage


You were on level 4 of the Dungeon.
You worshipped Okawaru.
Okawaru was noncommittal.
You were completely stuffed.
You had grown temporary horns.
You visited 2 branches of the dungeon, and saw 5 of its levels.

You collected 280 gold pieces.

Inventory:

Missiles
 a - 25 arrows
Jewellery
 j - an amulet of rage (around neck)
Wands
 t - a wand of acid (12)
Scrolls
 g - 2 scrolls of teleportation
 l - 2 scrolls of immolation
 m - a scroll of fear
 r - 5 scrolls of remove curse
Potions
 h - a potion of curing {unknown}
 k - 2 potions of agility
 n - a potion of might
 p - 3 potions of flight
 q - a potion of ambrosia {unknown}
 s - 2 potions of heal wounds {unknown}
Comestibles
 c - 4 rations
 d - 2 chunks of flesh


   Skills:
 - Level 1.0 Fighting
 + Level 4.3 Dodging
 - Level 2.1 Stealth
 * Level 4.6 Unarmed Combat
 - Level 2.0 Spellcasting
 + Level 3.4 Transmutations
 + Level 1.3 Poison Magic


You had 2 spell levels left.
You knew the following spells:

 Your Spells              Type           Power        Failure   Level  Hunger
a - Beastly Appendage     Tmut           ##....       5%          1    #......
b - Sticks to Snakes      Tmut           ##......     8%          2    ###....
c - Spider Form           Tmut/Pois      #.........   24%         3    ###....

Your spell library contained the following spells:

 Spells                   Type           Power        Failure   Level  Hunger
 Ice Form                 Ice/Tmut       #.......     71%         4    #####..
 Blade Hands              Tmut           ##........   82%         5    ######.


Dungeon Overview and Level Annotations

Branches:
Dungeon (4/15)             Temple (1/1) D:4

Altars:
Cheibriados
Dithmenos
Okawaru
Sif Muna
Vehumet
Yredelemnul

Shops:
D:4 *

Annotations:
D:1 fly


Innate Abilities, Weirdness & Mutations

You cannot wear armour.
You are incapable of wielding weapons or throwing items.
Your paws allow you to move quietly. (Stealth)
You have sharp claws.
You have razor-sharp teeth.
You have supernaturally acute eyesight. (SInv)
You are carnivorous and can eat meat at any time.
You cover ground quickly.
You are covered in fur. (AC +1)
You have a slow metabolism.
Your sharp claws are effective at attacking unaware monsters.
You have a pair of horns on your head.


Message History

Your ball python constricts the scorpion.
You scratch the scorpion but do no damage.
The scorpion is lightly wounded.
Your ball python bites the scorpion but does no damage.
Your ball python constricts the scorpion.
The scorpion barely misses you.
You scratch the scorpion. You headbutt the scorpion.
The scorpion is severely wounded.
Your ball python bites the scorpion but does no damage.
Your ball python constricts the scorpion.
The scorpion stings you!
* * * LOW HITPOINT WARNING * * *
You are too injured to fight recklessly!
You scratch the scorpion.
You bite the scorpion, but do no damage.
The scorpion is almost dead.
Your ball python barely misses the scorpion.
Your ball python constricts the scorpion.
The scorpion stings you.
You die...

,*,,,,,,,,,,,,,,,,,,*...#
,**,,,,,,,,,,,,,,,,###..#***
****,,,,,,,,,,,,,,##.#...>,*
,****,,,,,,,,,,,,##....#**,*
,,,,**,,,,,,,,,,##.....# *,*
**,,,**,,,,,,,,##......# *,#
*,,,,,***#######.......###.###
*,*****,,....[.....$.8..∩..8.#
,,* *,,.......@.......##.#.#
*** **,......sS....#.......##
,*** *,.....#.....##.#......#
,,,*****,###.*########.###....#
**,,*,,,,* #,,########........#
***,*,,*****,,.........#......#
*,,,,,,,,,,,,,...........##...#
,,,,,,,,,,,,,,......#...##**.##
,,,,,,,,,,,,.,#.........# *...#


You could see a scorpion and a friendly ball python.

Vanquished Creatures
  2 orc priests
  An orc wizard (D:4)
  4 gnolls (D:2)
  2 adders
  An ooze (D:2)
  A worm (D:3)
  3 dart slugs
  7 orcs
  3 giant cockroaches
  9 goblins
  5 hobgoblins
  7 kobolds
  A quokka (D:2)
  6 bats
  2 frilled lizards (D:1)
  5 rats
59 creatures vanquished.

Vanquished Creatures (collateral kills)
  2 adders
  A ball python (D:2)
  A hobgoblin (D:2)
4 creatures vanquished.

Grand Total: 63 creatures vanquished

Notes
Turn   | Place    | Note
-------+----------+-------------------------------------------
     0 | D:1      | MirrMurr the Felid Transmuter began the quest for the Orb.
     0 | D:1      | Reached XP level 1. HP: 9/9 MP: 4/4
   654 | D:1      | Reached XP level 2. HP: 12/12 MP: 4/6
   656 | D:1      | Reached skill level 1 in Stealth
  1009 | D:1      | Learned a level 2 spell: Sticks to Snakes
  1507 | D:2      | Reached XP level 3. HP: 5/15 MP: 1/7
  2921 | D:2      | Learned a level 3 spell: Spider Form
  2928 | D:2      | Reached XP level 4. HP: 15/19 MP: 1/8
  3403 | D:3      | Slain by a worm
  3404 | D:3      | Reached XP level 3. HP: -3/15 MP: 6/7
  3760 | D:3      | Reached XP level 4. HP: 18/19 MP: 6/8
  4030 | D:3      | Reached skill level 1 in Poison Magic
  4564 | D:4      | Found a snail-covered altar of Cheibriados.
  4569 | D:4      | Found a staircase to the Ecumenical Temple.
  4575 | Temple   | Entered the Ecumenical Temple
  4582 | Temple   | Became a worshipper of Warmaster Okawaru
  4617 | D:4      | Reached XP level 5. HP: 18/22 MP: 5/9
  4730 | D:4      | Found Luishrap's Assorted Antiques.
  4754 | D:4      | Slain by a scorpion

Levels and vault maps discovered:
D:1:      lemuel_arrival_lava_pool, layout_basic, minmay_misc_feat_doors,
          minmay_pentomino_r4
D:2:      layout_loops_ring
D:3:      layout_basic
D:4:      kennysheep_big_flooded_room, layout_rooms,
          minmay_temple_entry_gardened_gates, serial_shops, shop_statue,
          first_ration, cheibriados_altar_1
Temple:   nicolae_temple_the_god_donut

Skill      XL: |  1  2  3  4 |
---------------+-------------+-----
Stealth        | 1 2 |  2.1
Dodging        | 3 4 |  4.3
Unarmed Combat | 4 |  4.6
Transmutations | 3 |  3.4
Poison Magic   | 1 |  1.3
Fighting       | |  1.0
Spellcasting   | |  2.0

Action                   |  1- 3 |  4- 6 || total
-------------------------+-------+-------++-------
Melee: Unarmed           |   108 |    69 ||   177
       Punch             |     1 |     1 ||     2
       Headbutt          |     9 |     1 ||    10
       Bite              |     4 |     3 ||     7
 Cast: Beastly Appendage |    25 |     3 ||    28
       Sticks to Snakes  |     3 |     3 ||     6
       Spider Form       |     3 |     4 ||     7
  Use: Scroll            |     6 |     5 ||    11
 Stab: Sleeping          |     6 |     1 ||     7
  Eat: Chunk             |    17 |     5 ||    22
Armor: Skin              |     4 |     1 ||     5
Dodge: Dodged            |    95 |    43 ||   138

Table legend:
 A = Non-vault XP
 B = Vault XP
 C = Vault XP percentage of total XP
 D = Non-vault monster count
 E = Vault monster count
 F = Vault count percentage of total count
                 A         B        C        D         E       F
            +---------+---------+-------+---------+---------+-------
      Total |     309 |       6 |   1.9 |      59 |       4 |   6.3
            +---------+---------+-------+---------+---------+-------
        D:1 |      28 |       6 |  17.6 |      14 |       4 |  22.2
        D:2 |     112 |       0 |   0.0 |      22 |       0 |   0.0
        D:3 |      92 |       0 |   0.0 |      20 |       0 |   0.0
        D:4 |      77 |       0 |   0.0 |       3 |       0 |   0.0
            +---------+---------+-------+---------+---------+-------
